 Dungeon Crawl Stone Soup version 0.19-a0-1035-gdbfb0c6 (webtiles) character file.

21 HAL9000 the Sneak (level 2, -6/14 HPs)
             Began as a Vine Stalker Enchanter on July 29, 2016.
             Mangled by Terence
             ... wielding a +0 hand axe
              (7 damage)
             ... on level 1 of the Dungeon.
             The game lasted 00:01:35 (946 turns).

HAL9000 the Sneak (Vine Stalker Enchanter)           Turns: 946, Time: 00:01:35

Health: -6/14      AC:  4    Str: 10    XL:     2   Next: 83%
Magic:  0/6        EV: 12    Int: 15    God:
Gold:   48         SH:  0    Dex: 14    Spells: 1 memorised, 4 levels left

rFire  . . .     SeeInvis .     g - +1 dagger (flame)
rCold  . . .     Gourm    .     b - +1 robe
rNeg   . . .     Faith    .     (no shield)
rPois  .         Spirit   +     (no helmet)
rElec  .         Dismiss  .     (no cloak)
rCorr  .         Reflect  .     k - +0 pair of gloves
SustAt .         Harm     .     (no boots)
MR     .....                    (no amulet)
Stlth  ++........               (no ring)
                                i - ring of flight

@: not resistant to hostile enchantments, unstealthy
A: fangs 2, regeneration 1, magic shield, antimagic bite, no device heal 3, rot
immunity
a: Evoke Flight


You were on level 1 of the Dungeon.
You were not hungry.

You visited 1 branch of the dungeon, and saw 2 of its levels.

You collected 48 gold pieces.

Inventory:

Hand Weapons
 g - a +1 dagger of flaming (weapon)
 m - a +0 short sword of draining
Armour
 b - a +1 robe (worn)
 k - a +0 pair of gloves (worn)
Jewellery
 i - a ring of flight (left hand)
Scrolls
 e - 2 scrolls of remove curse {unknown}
 f - a scroll of recharging {unknown}
 h - 3 scrolls of identify {unknown}
 j - a scroll of noise {unknown}
 l - a scroll of enchant weapon {unknown}
Books
 c - a book of Maledictions

   Spells                             Type                      Level
   a - Corona                         Hexes                        1
   b - Ensorcelled Hibernation        Hexes/Ice                    2
   c - Confuse                        Hexes                        3
   d - Tukima's Dance                 Hexes                        3
   e - Dazzling Spray                 Conjuration/Hexes            3
Comestibles
 d - a bread ration


   Skills:
 + Level 0.6 Fighting
 * Level 2.1 Short Blades
 - Level 1.5 Dodging
 - Level 3.6 Stealth
 - Level 2.1 Spellcasting
 - Level 3.0 Hexes


You had 4 spell levels left.
You knew the following spells:

 Your Spells              Type           Power        Failure   Level  Hunger
a - Corona                Hex            ##.....      8%          1    #......


Dungeon Overview and Level Annotations

Branches:
Dungeon (2/15)

Altars:

Annotations:
D:1 Terence


Innate Abilities, Weirdness & Mutations

You have extremely sharp teeth.
Your natural rate of healing is unusually fast.
When hurt, damage is shared between your health and your magic reserves.
Your bite disrupts and absorbs the magic of your enemies.
Potions and wands cannot restore your health.
You are immune to rotting.


Message History

Terence shouts, "Now you die!"
You see here a robe.
Unknown command.
Unknown command.
Terence barely misses you.
You closely miss Terence.
Terence is severely wounded.
Terence hits you with a hand axe.
You closely miss Terence.
Terence is severely wounded.
Terence hits you with a hand axe.
You closely miss Terence.
Terence is severely wounded.
Terence hits you with a hand axe!
* * * LOW HITPOINT WARNING * * *
You barely miss Terence.
Terence is severely wounded.
Terence hits you with a hand axe!
Ouch! That really hurt!
You die...

####.####...### #[#
#.......##### #.#
...........## #.#
.........)..## ###.#
.............# #...#
....⌠........# ###.###
...⌠>⌠.....((#
######...#
....⌠........#
#.@..#.###
............## #@##.#@#
..)........#####)##.#.#
#.......#####....##...#
####.#### #.#.#########
.......# #...# ######.#
#.#### ####.# #....#
#..).# #####.# #.####
#.....#


You could see Terence.

Vanquished Creatures
  A dart slug (D:1)
  A ball python (D:1)
  5 goblins (D:1)
  2 hobgoblins (D:1)
  3 bats (D:1)
  6 rats (D:1)
18 creatures vanquished.

Notes
Turn   | Place    | Note
-------+----------+-------------------------------------------
     0 | D:1      | HAL9000 the Vine Stalker Enchanter began the quest for the Orb.
     0 | D:1      | Reached XP level 1. HP: 9/9 MP: 4/4
    56 | D:1      | Reached skill level 1 in Short Blades
   186 | D:1      | Reached XP level 2. HP: 8/14 MP: 6/6
   861 | D:2      | Noticed Terence
   946 | D:1      | Mangled by Terence

Vault maps used:
D:1:      dpeg_arrival_three_bigger_balls, minmay_tromino_v2
D:2:      roderic_roman_lattice, st_stairs_14, hangedman_decor_growths,
          minmay_misc_feat_alley, kennysheep_nub, uniq_terence

Skill      XL: |  1  2 |
---------------+-------+-----
Short Blades   | 1 2 |  2.1
Fighting       | |  0.6
Dodging        | |  1.5
Stealth        | |  3.6
Spellcasting   | |  2.1
Hexes          | |  3.0

Action                   || total
-------------------------++-------
Melee: Dagger            ||    72
       Bite              ||    14
 Stab: Distracted        ||     1
       Sleeping          ||     1
Armor: Robe              ||    17
Dodge: Dodged            ||    38
